Map: Ulrena

Players

Solar

  • Race: Zerg Zerg
  • League: Master

FanTaSy - Winner!

  • Race: Terran Terran
  • League: Master

Event: Team Gravity's Tournament of Champions #5

VOD

Have the link to the VOD?

Description

Time

  • Played on: Nov. 15, 2015, 8:15 p.m.
  • Length: 5:03

All games in this series

Show
View Real Time Build Order
Export as new Build Order

Solar Zerg 

Build Orders: Hatch First 

Get SALT Encoding   

  12  0:00  Drone  
  13  0:12  Overlord  
  13  0:17  Drone  
  14  0:30  Drone x2  
  14  0:34  Drone  
  17  0:52  Hatchery  
  17  0:54  Drone  
  17  0:59  Drone  
  18  1:05  Extractor  
  18  1:08  Drone  
  18  1:18  Spawning Pool  
  18  1:19  Drone  
  18  1:28  Drone  
  19  1:39  Overlord  
  19  2:05  Queen x2, Zergling x4  
  25  2:11  Drone  
  25  2:12  Drone  
  27  2:24  Drone x2  
  29  2:30  Drone  
  29  2:33  Extractor  
  29  2:35  Drone  
  30  2:39  Spore Crawler  
  30  2:41  Drone  
  30  2:43  Drone  
  31  2:48  Overlord  
  31  2:50  Roach Warren  
  31  2:53  Drone  
  31  2:57  Overlord  
  32  3:29  Roach x5  
  32  3:30  Roach x4  
  32  3:34  Overlord  
  50  3:39  Overlord  
  50  3:47  Roach  
  52  3:54  Roach x2  
  56  3:56  Drone  
  57  4:04  Drone  
  57  4:08  Ravager x2  
  57  4:09  Ravager x2  
  62  4:12  Drone  
  62  4:15  Overlord  
  62  4:16  Drone  
  62  4:17  Drone  
  65  4:18  Drone  
  65  4:23  Drone  
  64  4:26  Drone  
  64  4:27  Drone  
Show
View Real Time Build Order
Export as new Build Order

FanTaSy Terran - Winner!

Build Orders: Reaper Expand, Siege Tank Drop 

Get SALT Encoding   

  12  0:00  SCV  
  13  0:12  SCV  
  14  0:17  Supply Depot  
  14  0:25  SCV  
  15  0:39  SCV  
  15  0:41  Barracks  
  16  0:44  Refinery  
  16  0:51  SCV  
  17  1:03  SCV  
  18  1:15  SCV  
  19  1:27  Orbital Command  
  19  1:28  Reaper  
  20  1:41  Command Center  
  21  1:54  SCV  
  21  1:55  Supply Depot  
  21  2:01  Barracks Reactor  
  21  2:06  SCV  
  22  2:18  SCV  
  23  2:25  Factory  
  23  2:30  SCV  
  24  2:37  Marine x2  
  26  2:44  SCV  
  26  2:45  Refinery  
  27  2:55  Marine x2  
  27  2:57  SCV  
  27  2:58  Orbital Command  
  30  3:09  SCV, Bunker  
  30  3:10  Factory Tech Lab  
  30  3:12  Marine x2  
  31  3:15  Starport  
  33  3:22  SCV  
  33  3:24  SCV  
  35  3:32  Marine x2  
  35  3:33  Siege Tank  
  40  3:34  SCV  
  40  3:36  SCV  
  42  3:47  Supply Depot  
  42  3:48  Supply Depot  
  42  3:50  SCV x2  
  44  3:56  Medivac  
  44  4:00  Bunker, Marine  
  46  4:08  SCV x2, Marine  
  49  4:14  Siege Tank  
  52  4:19  Marine  
  52  4:21  Supply Depot  
  52  4:22  SCV x2  
  51  4:26  Marine  
  51  4:34  SCV x2  
  53  4:46  SCV  

Tags
 
Add a new tag
Caveats
  • Supply blocks, unpowered buildings, or Contaminate may cause inaccurate times.
  • Supply counts are checked every 10 seconds.